 Dungeon Crawl Stone Soup version 0.32-a0-407-g4da7c8d6d1 (webtiles) character file.

Game seed: 12260308377404496508

1112 Goblin1989 the Cutter (level 8, -2/60 HPs)
             Began as a Demonspawn Delver on Feb 21, 2024.
             Was a Follower of Uskayaw.
             Succumbed to a kobold brigand's poison
             ... on level 6 of the Dungeon.
             The game lasted 00:17:54 (5534 turns).

Goblin1989 the Cutter (Demonspawn Delver)           Turns: 5534, Time: 00:17:55

Health: -2/60      AC:  5    Str: 12    XL:     8   Next: 11%
Magic:  10/10      EV: 12    Int: 14    God:    Uskayaw [*.....]
Gold:   137        SH:  0    Dex: 18    Spells: 7/7 levels left

rFire   . . .        h - +0 rapier
rCold   . . .        (no shield)
rNeg    . . .        b - +0 leather armour
rPois   .            (helmet restricted)
rElec   .            v - +0 cloak
rCorr   .            (no gloves)
SInv    .            y - +0 pair of boots
Will    .....        (no amulet)
Stlth   +++          (no ring)
HPRegen 0.30/turn    (no ring)
MPRegen 0.12/turn

%: no passive effects
@: lethally poisoned (-2 -> -15), on berserk cooldown, slowed, wreathed by
umbra, very slow
A: horns 1, big brain 2, foul shadow 1
a: Renounce Religion, Stomp


You were on level 6 of the Dungeon.
You worshipped Uskayaw.
Uskayaw was noncommittal.
You visited 1 branch of the dungeon, and saw 6 of its levels.

You collected 137 gold pieces.

Inventory:

Hand Weapons
 a - a +0 short sword
 h - a +0 rapier (weapon)
 H - a +0 rapier
 I - the +7 long sword of Due Proportion {heavy, Dex+4}
   (You found it on level 4 of the Dungeon)

   Dex+4:     It affects your dexterity (+4).
Missiles
 i - 40 stones (quivered)
 k - 2 datura-tipped darts
Armour
 b - a +0 leather armour (worn)
 s - an orb of light
 v - a +0 cloak (worn)
 y - a +0 pair of boots (worn)
Jewellery
 r - an amulet of guardian spirit
Wands
 g - a wand of digging (2) {@v3}
 F - a wand of iceblast (4) {@v5}
 J - a wand of flame (18) {@v1}
Scrolls
 c - 3 scrolls of fog
 l - 7 scrolls of identify {unknown}
 m - a scroll of torment {unknown}
 p - 4 scrolls of teleportation {unknown}
 q - 2 scrolls of poison {unknown}
 t - a scroll of enchant armour {unknown}
 u - a scroll of amnesia {unknown}
 z - a scroll of brand weapon {unknown}
 B - a scroll of noise {unknown}
 D - a scroll of immolation {unknown}
Potions
 j - a potion of mutation {unknown}
 n - a potion of enlightenment {unknown}
 o - 2 potions of curing {@q1}
 x - 3 potions of might
 A - a potion of resistance {unknown}
 C - a potion of cancellation
 E - a potion of degeneration {unknown}
 G - a potion of ambrosia {unknown}


   Skills:
 + Level 3.9 Fighting
 + Level 6.6 Short Blades
 + Level 2.9 Dodging
 + Level 6.5 Stealth
 + Level 3.0 Invocations
 + Level 0.7 Evocations


You had 7 spell levels left.
You didn't know any spells.
Your spell library contained the following spells:

 Spells                   Type           Power      Damage    Failure   Level
 Sandblast                Erth           0%         2d4       36%         1
 Jinxbite                 Hex            0%         N/A       50%         2
 Sublimation of Blood     Necr           0%         N/A       50%         2
 Passwall                 Erth           0%         N/A       73%         3
 Stone Arrow              Conj/Erth      0%         3d7       73%         3
 Brom's Barrelling Bould  Conj/Erth      0%         2d3       98%         4
 Petrify                  Alch/Erth      0%         N/A       98%         4
 Irradiate                Conj/Alch      0%         3d11      100%        5
 Yara's Violent Unravell  Hex/Alch       0%         3d3       100%        5
 Enfeeble                 Hex            0%         N/A       100%        7


Dungeon Overview and Level Annotations

Branches:
Dungeon (6/15) Zot: 26801
 Temple: D:4-7

Altars:
Fedhas
Kikubaaqudgha
Makhleb
Uskayaw


Innate Abilities, Weirdness & Mutations

You have a pair of small horns on your head.
You have an extremely huge brain. (Int +4)
You are faintly shadowed, very rarely releasing foul flame when damaged in melee.


Message History

* * * LOW HITPOINT WARNING * * *
You take 13 damage, and have 21/60 hp.
MASSIVE DAMAGE!!
The orc attacks as it pursues you! The orc closely misses you.
You hit the orc priest but do no damage.
Your headbutt misses the orc priest.
You hit the orc priest but do no damage.
The orc hits you but does no damage. The orc priest barely misses you.
You hit the orc priest but do no damage.
The orc closely misses you. The orc priest hits you with a +0 mace.
* * * LOW HITPOINT WARNING * * *
You take 2 damage, and have 20/60 hp.
You hit the orc priest.
The orc priest is lightly wounded.
The orc barely misses you. The orc priest closely misses you.
You miss the orc priest.
The orc priest is lightly wounded.
The orc hits you with a +0 short sword.
* * * LOW HITPOINT WARNING * * *
The orc priest invokes the aid of Beogh against you.
Beogh smites you!
* * * LOW HITPOINT WARNING * * *
You take 12 damage, and have 8/60 hp.
You feel better. The orc hits you with a +0 short sword.
* * * LOW HITPOINT WARNING * * *
The orc priest hits you with a +0 mace.
* * * LOW HITPOINT WARNING * * *
The orc priest is seared by the foul flame within you!
The orc priest is severely wounded.
You can now pass through a line of other dancers.
You regained 3 hp, and now have 11/60 hp.
You hit the orc priest but do no damage.
The orc priest is severely wounded.
The orc completely misses you.
The orc priest hits you but does no damage.
You barely miss the orc priest.
The orc priest is severely wounded.
The orc hits you but does no damage.
The orc priest looks braver for a moment.
You completely miss the orc priest. You headbutt the orc priest.
The orc priest is almost dead.
The orc hits you with a +0 short sword.
* * * LOW HITPOINT WARNING * * *
The orc priest barely misses you.
You hit the orc priest.
You kill the orc priest!
The orc barely misses you.
You miss the orc. Your headbutt misses the orc. You barely miss the orc.
You headbutt the orc, but do no damage. The orc barely misses you.
An orc wizard comes into view. It is wielding a +0 dagger.
The orc wizard shouts!
You hit the orc. Your headbutt misses the orc.
The orc is moderately wounded.
The orc barely misses you.
You hit the orc.
You kill the orc!
It was a potion of cancellation.
You feel magically purged.
Unknown command.
It was a potion of berserk rage.
A red film seems to cover your vision as you go berserk!
You feel yourself moving faster!
You feel mighty!
You now have 19/90 hp.
You feel a strong urge to attack something.
A kobold brigand comes into view.
It is wielding a +0 dagger and quivering poisoned darts.
You puncture the orc wizard! You headbutt the orc wizard.
You kill the orc wizard!
Uskayaw will force your foes to helplessly watch your dance.
Uskayaw prepares the audience for your solo!
Your Invocations skill increases to level 3!
Things that are here:
a +0 dagger; a +0 robe You feel a strong urge to attack something.
You are no longer berserk.
You are exhausted.
You feel yourself slow down.
You see here a +0 scimitar.
You now have 13/60 hp.
The kobold brigand throws a poisoned dart.
The poisoned dart closely misses you.
A kobold comes into view. It is wielding a +0 dagger.
You can no longer pass through a line of other dancers.
The kobold brigand throws a poisoned dart.
The poisoned dart hits you.
You are poisoned.
You feel sick.
The kobold brigand throws a poisoned dart.
The poisoned dart hits you!
You are more poisoned.
The kobold brigand throws a poisoned dart.
The poisoned dart hits you!
You are lethally poisoned!
You take 2 damage, and have 15/60 hp.
* * * LOW HITPOINT WARNING * * *
You feel extremely sick.
You take 8 damage, and have 7/60 hp.
* * * LOW HITPOINT WARNING * * *
You feel very sick.
You take 5 damage, and have 2/60 hp.
You die...
Your body falls in perfect tune with the rhythm.

........)█ ███ █.████.█
.██.K█.██ █.█ █.█ █.█ ██>..█
█.█ █.█ █.█
.███.█.██████.███.█ █.█
.........K.........████.██████
..............................
█.███..███████.███.████.██████
█ ██.███████.█ █.█ █.█
█.....<.@.█ █.█ █.█
█.████.██.█ █.█ █.█ █. █.██.█
█.█ █.█ █.██.█ █.█ █.█ █.██.█
█.████†█ █.██.█ █......█
████.█ █.████.█ █.█ █.█ █.█
█.█ █.█


There were no monsters in sight!

Vanquished Creatures
  Grinder (D:3)
  An ice beast (D:4)
  A centaur (D:5)
  4 scorpions
  2 hounds
  2 jellies (D:5)
  An orc priest (D:6)
  A sleepcap (D:4)
  An iguana (D:4)
  2 orc wizards (D:6)
  9 adders
  8 dart slugs
  2 ribbon worms (D:2)
  7 orcs
  6 bats
  7 endoplasms
  A giant cockroach (D:4)
  5 goblins
  5 hobgoblins
  7 jackals
  5 kobolds
  4 quokkas
  5 ball pythons
  3 frilled lizards
  6 rats
96 creatures vanquished.

Notes
Turn   | Place    | Note
-------+----------+-------------------------------------------
     0 | D:5      | Goblin1989 the Demonspawn Delver began the quest for the
                  | Orb.
     0 | D:5      | Reached XP level 1. HP: 18/18 MP: 1/1
    54 | D:4      | Noticed a scorpion
    60 | D:4      | Noticed an ice beast
   247 | D:3      | Noticed Grinder
   418 | D:1      | Gained mutation: You have an unusually large brain. (Int
                  | +2) [demonic ancestry]
   418 | D:1      | Reached XP level 2. HP: 24/24 MP: 2/2
   850 | D:1      | Reached skill level 5 in Stealth
   854 | D:1      | Gained mutation: You have a pair of small horns on your
                  | head. [demonic ancestry]
   854 | D:1      | Reached XP level 3. HP: 29/29 MP: 3/3
  1834 | D:2      | Gained mutation: You have an extremely huge brain. (Int +4)
                  | [demonic ancestry]
  1834 | D:2      | Reached XP level 4. HP: 35/35 MP: 4/4
  2514 | D:3      | Found a faded altar of an unknown god.
  2749 | D:3      | Paralysed by Grinder for 4 turns
  2758 | D:3      | Paralysed by Grinder for 3 turns
  2766 | D:3      | Paralysed by Grinder for 2 turns
  2768 | D:3      | Killed Grinder
  2769 | D:3      | Reached skill level 5 in Short Blades
  2769 | D:3      | Gained mutation: You are faintly shadowed, very rarely
                  | releasing foul flame when damaged in melee. [demonic
                  | ancestry]
  2769 | D:3      | Reached XP level 5. HP: 2/41 MP: 5/5
  2769 | D:3      | Reached XP level 6. HP: 3/47 MP: 6/6
  2964 | D:3      | Found an ancient bone altar of Kikubaaqudgha.
  3400 | D:4      | Found a burning altar of Makhleb.
  3539 | D:4      | Found a hide-covered altar of Uskayaw.
  3550 | D:4      | Became a worshipper of Uskayaw the Reveller
  3626 | D:5      | Reached * piety under Uskayaw
  3674 | D:5      | Reached ** piety under Uskayaw
  3680 | D:5      | Reached XP level 7. HP: 28/52 MP: 7/7
  3947 | D:5      | Reached skill level 1 in Invocations
  4817 | D:4      | HP: 2/52 [sleepcap (2)]
  4821 | D:4      | Reached *** piety under Uskayaw
  5186 | D:4      | Identified the +7 long sword of Due Proportion {heavy,
                  | Dex+4}
  5231 | D:4      | Found a blossoming altar of Fedhas.
  5427 | D:6      | Reached XP level 8. HP: 42/60 MP: 8/10
  5533 | D:6      | HP: 2/60 [poisoned by a kobold brigand]
  5534 | D:6      | Succumbed to a kobold brigand's poison

Illustrated notes

Levels and vault maps discovered:
D:1:      dpeg_arrival_simpleton_a, layout_loops_corners
D:2:      layout_rooms, dk_noncrumbling_2, minmay_misc_feat_tower,
          minmay_tiny_reverse_x
D:3:      layout_basic, marbit_many_paths, shapermc_ecumenical_altar_venn,
          uniq_grinder
D:4:      minmay_angry_zag, layout_basic, fedhas_altar_4,
          mainiacjoe_overflow_large_starburst, chequers_serial_rivers_small_a,
          serial_library_hellmonk_junction
D:5:      layout_cave_pools, nicolae_tso_carved_into_rock,
          minmay_misc_feat_room, columned_hall_lemuel
D:6:      layout_basic, mainiacjoe_overflow_24_doors,
          minmay_temple_entry_nine_rooms, amcnicky_mini_pool_small

Skill      XL: |  1  2  3  4  5  6  7  8 |
---------------+-------------------------+-----
Short Blades   | 2 3 5 6 |  6.6
Stealth        | 5 6 |  6.5
Dodging        | 2 |  2.9
Invocations    | 2 3 |  3.0
Fighting       | |  3.9
Evocations     | |  0.7

Action                     |  1- 3 |  4- 6 |  7- 9 || total
---------------------------+-------+-------+-------++-------
  Melee: Rapier            |    80 |   125 |   104 ||   309
         Headbutt          |     7 |    22 |    16 ||    45
  Throw: Stone             |       |     3 |       ||     3
         Dart              |       |     2 |       ||     2
  Evoke: Wand              |       |     1 |     1 ||     2
    Use: Scroll            |     3 |       |       ||     3
         Potion            |       |     2 |     5 ||     7
   Stab: Sleeping          |    11 |     5 |     1 ||    17
         Invisible         |       |     2 |       ||     2
         Distracted        |       |     1 |       ||     1
         Paralysed         |       |       |     2 ||     2
 Armour: Leather armour    |    36 |    78 |    49 ||   163
  Dodge: Dodged            |    44 |    76 |    51 ||   171

Table legend: (Time is in decaauts)
 A = Elapsed time spent in this place.
 B = Non-inter-level travel time spent in this place.
 C = Inter-level travel time spent in this place.
 D = Time resting spent in this place.
 E = Time spent auto-exploring this place.
 F = Levels seen in this place.
 G = Mean time per level.
                   A        B        C        D        E       F      G
               +--------+--------+--------+--------+--------+-----+--------+
         Total |   5518 |   5308 |    210 |   1154 |   2939 |   6 |  919.7 |
       Dungeon |   5518 |   5308 |    210 |   1154 |   2939 |   6 |  919.7 |
               +--------+--------+--------+--------+--------+-----+--------+

Top non-repeatable levels by time:
     D:1: 1241 daAuts
     D:3: 1152 daAuts
     D:5: 1095 daAuts
     D:4: 1031 daAuts
     D:2: 798 daAuts
     D:6: 198 daAuts
